 Dungeon Crawl Stone Soup version 0.29.1-12-g30fa7ad0bf (webtiles) character file.

Game seed: 6509717847008871611

83 kingofthe the Caller (level 4, 0/31 HPs)
             Began as a Merfolk Summoner on Jan 14, 2023.
             Slain by Crazy Yiuf
             ... wielding a +3 quarterstaff of chaos
              (18 damage)
             ... on level 2 of the Dungeon.
             The game lasted 00:10:18 (3701 turns).

kingofthe the Caller (Merfolk Summoner)             Turns: 3701, Time: 00:10:23

Health: 0/31       AC:  2    Str:  8    XL:     4   Next: 44%
Magic:  4/7        EV: 13    Int: 14    God:
Gold:   37         SH:  0    Dex: 16    Spells: 4/8 levels left

rFire   . . .      SeeInvis .   m - +0 spear
rCold   . . .      Faith    .   (no shield)
rNeg    . . .      Spirit   .   a - +0 robe
rPois   .          Reflect  .   (no helmet)
rElec   .          Harm     .   (no cloak)
rCorr   .          Rampage  .   (no gloves)
Will    .....                   (no boots)
Stlth   ++........              (no amulet)
HPRegen 0.10/turn               g - ring of wizardry
MPRegen 0.10/turn               (no ring)

@: lethally poisoned (0 -> -11)
A: (nimble swimmer 2), mertail
a: no special abilities


You were on level 2 of the Dungeon.
You visited 1 branch of the dungeon, and saw 2 of its levels.

You collected 37 gold pieces.

Inventory:

Hand Weapons
 e - a +0 dagger
 m - a +0 spear (weapon)
Missiles
 d - 18 stones (quivered)
Armour
 a - a +0 robe (worn)
Jewellery
 g - a ring of wizardry (left hand)
Wands
 j - a wand of light (6)
Scrolls
 c - a scroll of blinking {unknown}
 f - a scroll of noise {unknown}
 h - 2 scrolls of immolation {unknown}
 k - a scroll of enchant armour {unknown}
 n - a scroll of fog {unknown}
 q - a scroll of identify {unknown}
Potions
 b - a potion of magic
 i - a potion of degeneration {unknown}
 l - a potion of might {unknown}
 o - a potion of invisibility {unknown}
 p - a potion of curing {unknown}


   Skills:
 + Level 0.4 Fighting
 + Level 3.7 Dodging
 - Level 3.0 Stealth
 - Level 0.5 Unarmed Combat
 + Level 2.6 Spellcasting
 + Level 4.5 Summonings


You had 4 spell levels left.
You knew the following spells:

 Your Spells              Type           Power      Damage    Failure   Level
a - Summon Small Mammal   Summ           56%        N/A       1%          1
z - Call Canine Familiar  Summ           14%        N/A       4%          3

Your spell library contained the following spells:

 Spells                   Type           Power      Damage    Failure   Level
 Call Imp                 Summ           14%        N/A       2%          2
 Summon Guardian Golem    Hex/Summ       8%         N/A       11%         3
 Ensorcelled Hibernation  Hex/Ice        2%         N/A       14%         2
 Passwall                 Tmut/Erth      0%         N/A       14%         2
 Swiftness                Air            1%         N/A       26%         3
 Summon Lightning Spire   Summ/Air       8%         N/A       32%         4


Dungeon Overview and Level Annotations

Branches:
Dungeon (2/15)

Altars:

Shops:
D:2 !

Annotations:
D:2 Crazy Yiuf


Innate Abilities, Weirdness & Mutations

((You are very nimble when in or above water. (Stealth+, EV+, Speed+++)))
Your lower body shifts to a powerful aquatic tail in water.


Message History

The goblin barely misses you.
You hit the goblin but do no damage.
The goblin is almost dead.
The goblin hits you with a +0 dagger.
You hit the goblin.
You kill the goblin!
No target in view!
d - 18 stones (gained 5);
q - a scroll labelled JIH GAANOARIQ
Things that are here:
a +0 dagger; a goblin corpse; a jackal corpse You see here a +0 dagger.
You hit the rat but do no damage. The rat bites you but does no damage.
You hit the rat.
You kill the rat!
No target in view!
You open the door.
Found a hammer.
Found a runed translucent door.
There is a stone staircase leading up here.
You see here a +0 dagger.
There is an entrance to Mianuf's Distillery here.
There is an entrance to Mianuf's Distillery here.
You see here a +0 dagger.
There is a stone staircase leading up here.
You open the door.
There is an open translucent door here.
The helpless Crazy Yiuf fails to defend himself.
You hit Crazy Yiuf but do no damage. Crazy Yiuf misses you.
Crazy Yiuf closely misses you.
Casting: Call Canine Familiar (dangerous; 4% risk of failure)
Confirm with . or Enter, or press ? or * to list all spells.
Crazy Yiuf whimpers, "Shadow ragdoll pizzabubble!"
Crazy Yiuf hits you with a +3 quarterstaff of chaos!
You are poisoned.
You hit Crazy Yiuf.
Crazy Yiuf is moderately wounded.
You feel very sick.
Crazy Yiuf says, "Castle!
Lay toodlewoodle Orb Guardian."
Crazy Yiuf hits you with a +3 quarterstaff of chaos!!
Ouch! That really hurt!
You die...

#.##.#
#####.# #.#
...#.#
#.....# #.#
.....#
#.##### #.#
...########
#.# #.#
..........#
### #∩#
#########.##
#)#
...........#
##### #.#
#########.##
#)g.# #.#
#.# #h@.#
#.# #.#
#...# #.#
#.# ##'##
#.#
########.#
#.## #.#
#........#
##.# #.#
#.########
#.## #.# #.#
##.# #.# #.#
##.## ##.##
#.#########
##...# #...#


You could see Crazy Yiuf (ally target) and a friendly hound (summoned).

Vanquished Creatures
  An adder (D:2)
  4 bats
  An endoplasm (D:2)
  4 hobgoblins (D:1)
  10 jackals
  A quokka (D:2)
  4 ball pythons
  5 frilled lizards
  4 goblins
  3 kobolds
  3 rats (D:2)
40 creatures vanquished.

Vanquished Creatures (collateral kills)
  An adder (D:2)
  A dart slug (D:1)
  A bat (D:2)
  3 endoplasms (D:1)
  A hobgoblin (D:2)
  2 jackals (D:1)
  A ball python (D:1)
  A frilled lizard (D:1)
  3 goblins
  2 rats (D:1)
16 creatures vanquished.

Grand Total: 56 creatures vanquished

Notes
Turn   | Place    | Note
-------+----------+-------------------------------------------
     0 | D:1      | kingofthe the Merfolk Summoner began the quest for the Orb.
     0 | D:1      | Reached XP level 1. HP: 13/13 MP: 3/3
   473 | D:1      | Reached XP level 2. HP: 14/19 MP: 5/5
  1058 | D:1      | Reached XP level 3. HP: 13/24 MP: 3/6
  1534 | D:1      | Learned a level 3 spell: Call Canine Familiar
  2063 | D:2      | Found Mianuf's Distillery.
  2217 | D:2      | Found a faded altar of an unknown god.
  2426 | D:2      | Reached XP level 4. HP: 19/30 MP: 4/7
  3534 | D:2      | Found a runed translucent door.
  3535 | D:2      | Noticed Crazy Yiuf
  3701 | D:2      | Slain by Crazy Yiuf

Illustrated notes

Levels and vault maps discovered:
D:1:      scummos_arrival_simple_fountains, layout_loops_ring
D:2:      layout_loops_ring, serial_shops, shop,
          dreamdust_ecumenical_altar_statues, uniq_crazy_yiuf_cottage

Skill      XL: |  1  2  3 |
---------------+----------+-----
Dodging        | 3 |  3.7
Stealth        | 3 |  3.0
Fighting       | |  0.4
Unarmed Combat | |  0.5
Spellcasting   | |  2.6
Summonings     | |  4.5

Action                   |  1- 3 |  4- 6 || total
-------------------------+-------+-------++-------
Melee: Unarmed           |    58 |       ||    58
       Punch             |     5 |       ||     5
       Dagger            |   113 |    23 ||   136
       Spear             |       |    39 ||    39
 Cast: Summon Small Mamm |    18 |     1 ||    19
       Call Canine Famil |     3 |     3 ||     6
 Stab: Sleeping          |     9 |     3 ||    12
       Distracted        |       |     2 ||     2
Armor: Robe              |    46 |    11 ||    57
Dodge: Dodged            |   145 |    58 ||   203
